 Dungeon Crawl Stone Soup version 0.23-a0-488-g5fd82c5 (webtiles) character file.

8 Amnesiac the Sneak (level 2, -1/13 HPs)
             Began as a Spriggan Enchanter on Dec 2, 2018.
             Slain by an adder (3 damage)
             ... on level 2 of the Dungeon.
             The game lasted 00:03:15 (279 turns).

Amnesiac the Sneak (Spriggan Enchanter)              Turns: 279, Time: 00:03:15

Health: -1/13      AC:  2    Str:  4    XL:     2   Next: 0%
Magic:  2/6        EV: 18    Int: 16    God:
Gold:   26         SH:  0    Dex: 16    Spells: 3/6 levels left

rFire    . . .     SeeInvis +   a - +1 dagger
rCold    . . .     Gourm    .   (shield restricted)
rNeg     . . .     Faith    .   b - +0 robe
rPois    .         Spirit   .   (helmet restricted)
rElec    .         Reflect  .   (no cloak)
rCorr    .         Harm     .   (gloves unavailable)
MR       .....                  (boots unavailable)
Stlth    +++.......             (no amulet)
HPRegen  0.04/turn              (no ring)
MPRegen  0.10/turn              (no ring)

@: very slightly contaminated, very quick
A: very small, unfitting armour, see invisible, herbivore, speed 3, slow
metabolism 2
a: no special abilities


You were on level 2 of the Dungeon.
You were not hungry.

You visited 1 branch of the dungeon, and saw 2 of its levels.

You collected 26 gold pieces.

Inventory:

Hand Weapons
 a - a +1 dagger (weapon)
Armour
 b - a +0 robe (worn)
Scrolls
 e - a scroll of identify {!r, unknown}
Potions
 c - a potion of heal wounds {!q, unknown}
 f - a potion of mutation {!q, unknown}
Comestibles
 d - 2 rations


   Skills:
 + Level 1.3 Short Blades
 + Level 3.2 Dodging
 + Level 4.6 Stealth
 + Level 2.9 Spellcasting
 + Level 3.7 Hexes


You had 3 spell levels left.
You knew the following spells:

 Your Spells              Type           Power        Failure   Level  Hunger
a - Ensorcelled Hibernat  Hex/Ice        #.....       13%         2    ##.....
b - Corona                Hex            ##.....      4%          1    #......

Your spell library contained the following spells:

 Spells                   Type           Power        Failure   Level  Hunger
 Confuse                  Hex            ##......     12%         3    ###....
 Tukima's Dance           Hex            ##......     12%         3    ###....
 Dazzling Spray           Conj/Hex       #.....       26%         3    ###....


Dungeon Overview and Level Annotations

Branches:
Dungeon (2/15)

Altars:


Innate Abilities, Weirdness & Mutations

You are very small and have problems with some larger weapons.
You are too small for most types of armour.
You have supernaturally acute eyesight. (SInv)
You are a herbivore.
You cover ground extremely quickly.
You need to consume almost no food.


Message History

Adjust (i)tems, (s)pells, or (a)bilities?
Adjust which spell? b - Ensorcelled Hibernation Adjust to which letter?
Okay, then.
Sorry, you're not good enough to have a special ability.
Adjust (i)tems, (s)pells, or (a)bilities?
Adjust which spell? b - Ensorcelled Hibernation Adjust to which letter? a - Ensorcelled Hibernation; b - Corona You see here a bat corpse.
Found a viscous black potion.
There is a stone staircase leading down here.
An adder comes into view.
Your magical contamination has completely faded away.
Found a cabochon ring.
f - a viscous black potion {!q} The adder closely misses you.
Casting: Corona (safe; 4% risk of failure)
Confirm with . or Enter, or press ? or * to list all spells.
Aiming: Ensorcelled Hibernation (safe; 13% risk of failure)
Press: ? - help, Shift-Dir - straight line, f - adder
Aim: an adder (chance to defeat MR: 49%)
You miscast Ensorcelled Hibernation.
You are very lightly contaminated with residual magic.
Nothing appears to happen.
The adder closely misses you.
Casting: Ensorcelled Hibernation (safe; 13% risk of failure)
Confirm with . or Enter, or press ? or * to list all spells.
Aiming: Ensorcelled Hibernation (safe; 13% risk of failure)
Press: ? - help, Shift-Dir - straight line, f/p - adder
Aim: an adder (chance to defeat MR: 49%)
The adder resists with some effort.
The adder bites you but does no damage.
Casting: Ensorcelled Hibernation (safe; 13% risk of failure)
Confirm with . or Enter, or press ? or * to list all spells.
You don't have enough magic to cast that spell.
Casting: Ensorcelled Hibernation (safe; 13% risk of failure)
Confirm with . or Enter, or press ? or * to list all spells.
Aiming: Ensorcelled Hibernation (safe; 13% risk of failure)
Press: ? - help, Shift-Dir - straight line, f/p - adder
Aim: an adder (chance to defeat MR: 49%)
The adder resists with some effort.
The adder closely misses you.
Your magical contamination has completely faded away.
Casting: Ensorcelled Hibernation (safe; 13% risk of failure)
Confirm with . or Enter, or press ? or * to list all spells.
Aiming: Ensorcelled Hibernation (safe; 13% risk of failure)
Press: ? - help, Shift-Dir - straight line, f/p - adder
Aim: an adder (chance to defeat MR: 49%)
You miscast Ensorcelled Hibernation.
You are very lightly contaminated with residual magic.
Nothing appears to happen.
The adder closely misses you. The adder bites you.
You are poisoned.
The adder poisons you!
You feel sick.
You feel sick.
You feel sick.
You feel sick.
You feel sick.
You are no longer poisoned.
The adder bites you.
* * * LOW HITPOINT WARNING * * *
You barely miss the adder. The adder misses you.
You closely miss the adder. The adder bites you.
You die...

...................#
....#.#.#..........#
##..#.#.#......#...#
...................#
.#..#.#.#...##.....#
.............>.....#
.#..#.#............#
........#.#.#.##.#.+### #
....#.#.#.#.#.##@#....##...
.#..#.#.#.#.#.##S#.........
.#....#..........#....=....
.................#.##.##.#.
.#....#.##..#.##...# .# #
.#....#.##.### ##### #
...........# .......###.
.......###


You could see an adder.

Vanquished Creatures
  2 hobgoblins
  3 bats
  A goblin (D:2)
  3 kobolds
9 creatures vanquished.

Notes
Turn   | Place    | Note
-------+----------+-------------------------------------------
     0 | D:1      | Amnesiac the Spriggan Enchanter began the quest for the
                  | Orb.
     0 | D:1      | Reached XP level 1. HP: 9/9 MP: 5/5
    49 | D:1      | You fall through a shaft!
   166 | D:2      | Reached XP level 2. HP: 9/13 MP: 2/6
   170 | D:2      | Learned a level 2 spell: Ensorcelled Hibernation
   279 | D:2      | Slain by an adder

Vault maps used:
D:1:      saegor_arrival_simple_c
D:2:      nicolae_overflow_crystal_walls, nicolae_ru_great_annihilating_truth,
          uniq_crazy_yiuf_cottage, uniq_terence

Action                   || total
-------------------------++-------
Melee: Dagger            ||    30
 Cast: Corona            ||     8
       Ensorcelled Hiber ||     2
 Stab: Sleeping          ||     2
Armor: Robe              ||     9
Dodge: Dodged            ||    29

Table legend:
 A = Non-vault XP
 B = Vault XP
 C = Vault XP percentage of total XP
 D = Non-vault monster count
 E = Vault monster count
 F = Vault count percentage of total count
                 A         B        C        D         E       F
            +---------+---------+-------+---------+---------+-------
      Total |      12 |       0 |   0.0 |       9 |       0 |   0.0
            +---------+---------+-------+---------+---------+-------
        D:1 |       5 |       0 |   0.0 |       3 |       0 |   0.0
        D:2 |       7 |       0 |   0.0 |       6 |       0 |   0.0
            +---------+---------+-------+---------+---------+-------
